 Dungeon Crawl Stone Soup version 0.22.0 (webtiles) character file.

59 DUSTMIGHTY the Caller (level 3, -5/19 HPs)
             Began as a Deep Elf Summoner on Nov 2, 2018.
             Slain by a gnoll
             ... wielding a +0 whip
              (7 damage)
             ... on level 2 of the Dungeon.
             The game lasted 00:23:04 (2649 turns).

DUSTMIGHTY the Caller (Deep Elf Summoner)           Turns: 2649, Time: 00:23:05

Health: -5/19      AC:  2    Str:  5    XL:     3   Next: 78%
Magic:  0/11       EV: 13    Int: 20    God:
Gold:   74         SH:  0    Dex: 15    Spells: 5/11 levels left

rFire    . . .     SeeInvis .   (no weapon)
rCold    . . .     Gourm    .   (no shield)
rNeg     . . .     Faith    .   a - +0 robe
rPois    .         Spirit   .   (no helmet)
rElec    .         Reflect  .   (no cloak)
rCorr    .         Harm     .   (no gloves)
MR       .....                  (no boots)
Stlth    ++........             (no amulet)
HPRegen  0.06/turn              (no ring)
MPRegen  0.12/turn              (no ring)

@: no status effects
A: no striking features
a: no special abilities


You were on level 2 of the Dungeon.
You were not hungry.

You visited 1 branch of the dungeon, and saw 3 of its levels.

You collected 74 gold pieces.

Inventory:

Armour
 a - a +0 robe (worn)
Wands
 i - a wand of iceblast (7)
Scrolls
 b - a scroll of amnesia {unknown}
 f - 4 scrolls of remove curse {unknown}
 g - a scroll of identify {unknown}
 k - a scroll of fog {unknown}
Potions
 d - a potion of flight {unknown}
 e - a potion of agility {unknown}
 h - a potion of resistance {unknown}
 j - a potion of magic {unknown}
Comestibles
 c - 3 rations


   Skills:
 + Level 2.4 Dodging
 + Level 2.6 Stealth
 + Level 4.5 Spellcasting
 + Level 0.1 Hexes
 + Level 5.1 Summonings


You had 5 spell levels left.
You knew the following spells:

 Your Spells              Type           Power        Failure   Level  Hunger
a - Summon Small Mammal   Summ           ####         1%          1    None
b - Call Imp              Summ           ####....     2%          2    #......
c - Summon Guardian Gole  Hex/Summ       ###.....     12%         3    ##.....

Your spell library contained the following spells:

 Spells                   Type           Power        Failure   Level  Hunger
 Summon Ice Beast         Ice/Summ       ##......     38%         4    ####...
 Call Canine Familiar     Summ           ####....     4%          3    ##.....
 Summon Lightning Spire   Summ/Air       ##......     38%         4    ####...


Dungeon Overview and Level Annotations

Branches:
Dungeon (3/15)

Altars:


Message History

Your quokka's corpse disappears in a puff of smoke!
Your crimson imp hits the rat.
The rat dies!
The gnoll hits you from afar with a spear.
The gnoll misses you.
Your crimson imp blinks!
There is a stone staircase leading up, spattered with blood here.
The gnoll barely misses you. The gnoll hits you with a whip!
* * * LOW HITPOINT WARNING * * *
The gnoll closely misses you.
Your crimson imp hits the gnoll but does no damage.
You climb upwards.
There is a stone staircase leading down here.
Casting: Call Imp (safe; 2% risk of failure)
Confirm with . or Enter, or press ? or * to list all spells.
The gnoll misses you. The gnoll closely misses you.
Casting: Summon Small Mammal (safe; 1% risk of failure)
Confirm with . or Enter, or press ? or * to list all spells.
The gnoll hits you with a whip!
You die...

#......##.###.####
#.#.##............
#.......#.###.##..
#.....÷.#.# #.##..
#>........# #.....
#.......### #####.
#.rr....# #.
#gg.....####### #.
#@......#.....# #.
###.#####.....# #†
#.# #.....# #. #.#
#.....# #. #.##
#.....# #. #..#
###.### ## ##.#
#.# #.# #.#
##.######÷######


You could see 2 gnolls, a friendly quokka and a friendly rat.

Vanquished Creatures (collateral kills)
  A crimson imp (D:2)
  A gnoll (D:3)
  An adder (D:2)
  A worm (D:2)
  3 dart slugs
  3 leopard geckos
  A giant cockroach (D:1)
  6 goblins
  6 hobgoblins (D:1)
  2 jackals (D:2)
  4 kobolds (D:1)
  2 bats (D:2)
  5 frilled lizards
  5 rats
41 creatures vanquished.

Notes
Turn   | Place    | Note
-------+----------+-------------------------------------------
     0 | D:1      | DUSTMIGHTY the Deep Elf Summoner began the quest for the Orb.
     0 | D:1      | Reached XP level 1. HP: 10/10 MP: 6/6
   541 | D:1      | Reached XP level 2. HP: 13/15 MP: 5/8
   545 | D:1      | Learned a level 2 spell: Call Imp
  2100 | D:2      | Noticed a crimson imp
  2141 | D:2      | Killed a crimson imp
  2141 | D:2      | Reached skill level 5 in Summonings
  2141 | D:2      | Reached XP level 3. HP: 17/19 MP: 10/10
  2146 | D:2      | Learned a level 3 spell: Summon Guardian Golem
  2649 | D:2      | Slain by a gnoll

Skill      XL: |  1  2 |
---------------+-------+-----
Spellcasting   | 4 |  4.5
Summonings     | 5 |  5.1
Dodging        | |  2.4
Stealth        | |  2.6
Hexes          | |  0.1

Action                   || total
-------------------------++-------
Melee: Unarmed           ||     6
 Cast: Summon Small Mamm ||    53
       Call Imp          ||    23
       Summon Guardian G ||     6
 Stab: Sleeping          ||     3
  Eat: Ration            ||     2
Armor: Robe              ||     3
Dodge: Dodged            ||    51
